 Dungeon Crawl Stone Soup version 0.28-a0-233-gb8ca4b6547 (webtiles) character file.

Game seed: 12483776809304247855

9639 Spaninq the Martial Artist (level 11, -22/83 HPs)
             Began as a Gnoll Transmuter on Aug 22, 2021.
             Was an Initiate of Gozag.
             Killed by refrigeration
             ... invoked by Fannar
              (32 damage)
             ... on level 1 of the Lair of Beasts.
             The game lasted 00:32:27 (11231 turns).

Spaninq the Martial Artist (Gnoll Transmuter)      Turns: 11231, Time: 00:32:28

Health: -22/83     AC: 15    Str: 17    XL:     11   Next: 49%
Magic:  22/23      EV: 12    Int: 15    God:    Gozag
Gold:   2477       SH:  0    Dex: 12    Spells: 23/26 levels left

rFire   . . .      SeeInvis +   b - +7 lajatang (vamp)
rCold   . . .      Faith    .   (shield currently unavailable)
rNeg    . . .      Spirit   .   t - +5 scale mail of the Furies {rCorr}
rPois   .          Reflect  .   (helmet currently unavailable)
rElec   .          Harm     .   (no cloak)
rCorr   +          Rampage  .   r - +1 pair of gloves
Will    .....                   (boots currently unavailable)
Stlth   ++........              f - amulet of the acrobat
HPRegen 0.23/turn               v - ring of see invisible
MPRegen 0.18/turn               c - +6 ring of strength

@: appendages, gold aura
A: horns 2, talons 2, fangs 1, strong nose, distributed training
a: End Transformation, Renounce Religion, Potion Petition, Call Merchant, Bribe
Branch


You were on level 1 of the Lair of Beasts.
You worshipped Gozag.
Gozag was most pleased with you.
You had temporarily grown beastly horns and talons.
You visited 3 branches of the dungeon, and saw 12 of its levels.
You also visited: Ossuary.

You collected 2477 gold pieces.

Inventory:

Hand Weapons
 b - a +7 vampiric lajatang (weapon)
 s - the +7 long sword of Peril {flame, Will+ Int+6}
   (You found it on level 5 of the Dungeon)

   It burns those it strikes, dealing additional fire damage.
   Big, fiery blades are also staple armaments of hydra-hunters.
   Int:       It affects your intelligence (+6).
   Will:      It increases your willpower.
Armour
 d - a +0 helmet (melded)
 e - a +0 pair of boots (melded)
 r - a +1 pair of gloves (worn)
 t - the +5 scale mail of the Furies (worn) {rCorr}
   (You found it on level 5 of the Dungeon)

   rCorr:     It protects you from acid and corrosion.
Jewellery
 c - a +6 ring of strength (right hand)
 f - an amulet of the acrobat (around neck)
 v - a ring of see invisible (left hand)
Wands
 k - a wand of digging (7)
 p - a wand of iceblast (13)
 u - a wand of polymorph (10)
Scrolls
 g - a scroll of fog
 h - a scroll of amnesia
 l - a scroll of magic mapping
 x - 7 scrolls of teleportation
Potions
 a - a potion of cancellation
 i - a potion of haste {unknown}
 j - 5 potions of brilliance
 m - 4 potions of curing
 n - a potion of attraction {unknown}
 o - 2 potions of might
 q - a potion of invisibility {unknown}
 w - a potion of lignification {unknown}
 z - 2 potions of mutation {unknown}


   Skills:
 + Level 6.9 Fighting
 + Level 6.3 Short Blades
 + Level 6.3 Long Blades
 + Level 6.3 Axes
 + Level 6.3 Maces & Flails
 + Level 6.3 Polearms
 + Level 6.3 Staves
 + Level 6.3 Slings
 + Level 6.3 Bows
 + Level 6.3 Crossbows
 + Level 6.3 Throwing
 + Level 6.3 Armour
 + Level 7.9 Dodging
 + Level 6.3 Stealth
 + Level 6.3 Shields
 + Level 9.2 Unarmed Combat
 + Level 8.2 Spellcasting
 + Level 5.2 Conjurations
 + Level 5.2 Hexes
 + Level 5.2 Summonings
 + Level 5.2 Necromancy
 + Level 5.2 Translocations
 + Level 6.6 Transmutations
 + Level 5.2 Fire Magic
 + Level 5.2 Ice Magic
 + Level 5.2 Air Magic
 + Level 5.2 Earth Magic
 + Level 5.2 Poison Magic
 + Level 7.0 Invocations
 + Level 6.3 Evocations


You had 23 spell levels left.
You knew the following spells:

 Your Spells              Type           Power      Damage    Failure   Level
a - Beastly Appendage     Tmut           50%        N/A       2%          1
b - Wereblood             Tmut           25%        N/A       3%          2

Your spell library contained the following spells:

 Spells                   Type           Power      Damage    Failure   Level
 Foxfire                  Conj/Fire      84%        2x1d8     4%          1
 Summon Small Mammal      Summ           84%        N/A       4%          1
 Static Discharge         Conj/Air       21%        N/A       6%          2
 Spider Form              Tmut/Pois      11%        N/A       10%         3
 Call Canine Familiar     Summ           21%        N/A       12%         3
 Conjure Flame            Conj/Fire      21%        6-21      12%         3
 Inner Flame              Hex/Fire       21%        N/A       12%         3
 Summon Guardian Golem    Hex/Summ       21%        N/A       12%         3
 Ice Form                 Ice/Tmut       23%        N/A       30%         4
 Dispel Undead            Necr           21%        3d11      38%         4
 Sticky Flame             Conj/Fire      21%        2d4       38%         4
 Borgnjor's Revivificati  Necr           10%        N/A       100%        8
 Necromutation            Tmut/Necr      11%        N/A       100%        8
 Death's Door             Necr           10%        N/A       100%        9


Dungeon Overview and Level Annotations

Branches:
Dungeon (10/15)            Temple (1/1) D:5            Lair (1/6) D:8
    Orc (0/2) D:9         Ossuary (visited)

Altars:
Ashenzari
Cheibriados
Dithmenos
Elyvilon
Fedhas
Gozag
Hepliaklqana
Kikubaaqudgha
Makhleb
Nemelex Xobeh
Okawaru
Qazlal
Ru
Sif Muna
Trog
Uskayaw
Vehumet
Wu Jian
Xom
Yredelemnul
Zin
The Shining One
Beogh

Shops:
D:8 *

Annotations:
D:3 2 transporters, GameKiller's ghost, weakling DrSu
D:5 2 transporters, serprex's ghost, amateur OpTm
Lair:1 Fannar


Innate Abilities, Weirdness & Mutations

You have temporarily grown beastly horns and talons.
You have very sharp teeth.
Your uncanny sense of smell can sniff out nearby items.
Your experience applies equally to all skills.


Message History

You bite the ice beast, but do no damage.
The ice beast is lightly wounded.
You closely miss the ice beast.
The ice beast is lightly wounded.
The ice beast hits you but does no damage.
You slash the ice beast!
You bite the ice beast, but do no damage.
The ice beast is heavily wounded.
The ice beast hits you but does no damage.
You slash the ice beast!
You kill the ice beast!
The komodo dragon bites you!
You slice the komodo dragon!!
You feel better.
Your bite misses the komodo dragon.
The komodo dragon is heavily wounded.
Fannar gestures wildly while chanting.
Fannar blinks!
The komodo dragon misses you.
You closely miss the komodo dragon.
The komodo dragon is heavily wounded.
The komodo dragon bites you!
You slash the komodo dragon!
The komodo dragon is almost dead.
The komodo dragon bites you!
* * * LOW HITPOINT WARNING * * *
You slash the komodo dragon!
You feel better.
You kill the komodo dragon!
Fannar mumbles some strange words.
Fannar drains the heat from the surrounding environment!
* * * LOW HITPOINT WARNING * * *
Your Invocations skill increases to level 7!
Casting: Beastly Appendage (safe; 2% risk of failure)
Confirm with . or Enter, or press ? or * to list all spells.
You grow a pair of large bovine horns.
Your feet morph into talons.
Your +0 helmet melds into your body.
Your +0 pair of boots melds into your body.
The ice beast hits you but does no damage.
Fannar casts a spell.
Fannar drains the heat from the surrounding environment!
You die...
Your body crumbles into a pile of gold.

.......###.............
.......#.+..........+
.......#............#
.....<.'.#..........#
.......####..##P+#.##
......## #P)##..#.##
###.### ##.###..(.# ..>
###+######.## ....
#....##@##..### .##
##.8.'Y###.##.## .
#...##.........#
...#.#.....e........#
........##..........#
:.8....###........[##
.....h# #.......>..#
8...8. ##.........#
....h ###'#######


You could see Fannar and an ice beast (summoned).

Vanquished Creatures
  A great orb of eyes (D:10)
  A centaur warrior (D:10)
  A two-headed ogre (D:9)
  2 komodo dragons
  A freezing wraith (D:10)
  A troll (D:10)
  A dream sheep (shapeshifter) (D:10)
  Sigmund (D:6)
  8 yaks
  2 wraiths (D:9)
  2 wyverns
  2 basilisks (D:8)
  4 vampire mosquitoes (D:10)
  A steam dragon (D:8)
  Menkaure (Ossuary)
  5 orc warriors (D:9)
  2 sky beasts
  2 ice beasts
  A necrophage (D:5)
  3 centaurs
  4 wolves (Lair:1)
  A phantom (D:4)
  A kobold brigand (D:8)
  A scorpion (D:5)
  3 bullfrogs
  A gnoll sergeant (D:8)
  3 killer bees
  4 howler monkeys (D:9)
  A centaur zombie (D:8)
  3 hounds
  6 orc priests
  4 jellies
  A centaur skeleton (D:7)
  2 bullfrog skeletons
  Ijyb (D:3)
  2 iguanas (D:5)
  9 orc wizards
  A killer bee zombie (D:7)
  A hound skeleton (D:4)
  4 mummies
  2 howler monkey zombies
  7 gnolls
  4 adders
  A white imp (D:6)
  An ufetubus (D:5)
  An adder skeleton (D:4)
  3 worms
  2 dart slugs
  33 orcs
  6 ball pythons
  3 bats
  11 endoplasms
  2 giant cockroaches
  A gnoll zombie (Ossuary)
  7 goblins
  5 hobgoblins
  12 jackals
  13 kobolds
  A quokka (D:3)
  3 frilled lizards
  3 gnoll skeletons (Ossuary)
  A goblin skeleton (Ossuary)
  3 goblin zombies (Ossuary)
  A hobgoblin skeleton (Ossuary)
  5 hobgoblin zombies
  6 kobold skeletons (Ossuary)
  11 kobold zombies
  9 orc skeletons (Ossuary)
  7 orc zombies
  5 rats
  5 rat skeletons (Ossuary)
  2 rat zombies (Ossuary)
271 creatures vanquished.

Vanquished Creatures (others)
  A basilisk (D:8)
  12 toadstools (D:4)
13 creatures vanquished.

Grand Total: 284 creatures vanquished

Notes
Turn   | Place    | Note
-------+----------+-------------------------------------------
     0 | D:1      | Spaninq the Gnoll Transmuter began the quest for the Orb.
     0 | D:1      | Reached XP level 1. HP: 17/17 MP: 6/6
   138 | D:1      | Reached XP level 2. HP: 7/23 MP: 5/7
   358 | D:1      | Learned a level 2 spell: Wereblood
   498 | D:1      | Found a faded altar of an unknown god.
   503 | D:1      | Became a worshipper of Gozag Ym Sagoz the Greedy
   957 | D:1      | Reached XP level 3. HP: 28/28 MP: 6/9
  1109 | D:1      | Reached skill level 5 in Spellcasting
  1157 | D:2      | Reached skill level 1 in Invocations
  1299 | D:2      | Reached skill level 1 in Short Blades
  1299 | D:2      | Reached skill level 1 in Long Blades
  1299 | D:2      | Reached skill level 1 in Axes
  1299 | D:2      | Reached skill level 1 in Maces & Flails
  1299 | D:2      | Reached skill level 1 in Polearms
  1299 | D:2      | Reached skill level 1 in Staves
  1299 | D:2      | Reached skill level 1 in Slings
  1299 | D:2      | Reached skill level 1 in Bows
  1299 | D:2      | Reached skill level 1 in Crossbows
  1299 | D:2      | Reached skill level 1 in Throwing
  1299 | D:2      | Reached skill level 1 in Armour
  1299 | D:2      | Reached skill level 1 in Stealth
  1299 | D:2      | Reached skill level 1 in Shields
  1299 | D:2      | Reached skill level 1 in Evocations
  1550 | D:2      | Reached XP level 4. HP: 33/34 MP: 8/11
  1733 | D:3      | Found a transporter.
  1776 | D:3      | Noticed Ijyb
  1795 | D:3      | Killed Ijyb
  1796 | D:3      | Reached skill level 1 in Conjurations
  1796 | D:3      | Reached skill level 1 in Hexes
  1796 | D:3      | Reached skill level 1 in Summonings
  1796 | D:3      | Reached skill level 1 in Necromancy
  1796 | D:3      | Reached skill level 1 in Translocations
  1796 | D:3      | Reached skill level 1 in Fire Magic
  1796 | D:3      | Reached skill level 1 in Ice Magic
  1796 | D:3      | Reached skill level 1 in Air Magic
  1796 | D:3      | Reached skill level 1 in Earth Magic
  1796 | D:3      | Reached skill level 1 in Poison Magic
  1974 | D:3      | Found a sparkling altar of Nemelex Xobeh.
  2069 | D:3      | Found a transporter.
  2072 | D:3      | Noticed GameKiller's ghost (weakling DrSu)
  2532 | D:4      | Reached XP level 5. HP: 39/40 MP: 9/12
  2556 | D:4      | Found a white marble altar of Elyvilon.
  2559 | D:4      | Found an ancient bone altar of Kikubaaqudgha.
  2684 | D:4      | Noticed a phantom
  3000 | D:4      | Killed a phantom
  3001 | D:4      | Reached XP level 6. HP: 8/47 MP: 12/14
  3334 | D:4      | Reached skill level 5 in Dodging
  3336 | D:4      | Identified the +8 war axe "Ful Xabb" {spect, Str+4}
  3448 | D:4      | Found a shadowy altar of Dithmenos.
  4030 | D:4      | Reached XP level 7. HP: 52/52 MP: 15/15
  4075 | D:5      | Entered Level 5 of the Dungeon
  4098 | D:5      | Reached skill level 7 in Unarmed Combat
  4432 | D:5      | Noticed a troll
  4432 | D:5      | Noticed serprex's ghost (amateur OpTm)
  4433 | D:5      | Found a transporter.
  4446 | D:5      | Found a transporter.
  4513 | D:5      | Found a stormy altar of Qazlal.
  4571 | D:5      | Identified the +5 scale mail of the Furies {rCorr}
  4783 | D:5      | Found a bloodstained altar of Trog.
  4916 | D:5      | Identified the +7 long sword of Peril {flame, Will+ Int+6}
  4958 | D:5      | Found a staircase to the Ecumenical Temple.
  4966 | Temple   | Entered the Ecumenical Temple
  5230 | D:5      | Found a basalt altar of Yredelemnul.
  5479 | D:6      | Noticed Sigmund
  5481 | D:6      | Found a hide-covered altar of Uskayaw.
  5481 | D:6      | Found a glowing golden altar of the Shining One.
  5485 | D:6      | Killed Sigmund
  5486 | D:6      | Reached XP level 8. HP: 60/60 MP: 16/16
  5493 | D:6      | Found a hazy altar of Hepliaklqana.
  6286 | D:7      | Identified a scroll of acquirement
  6286 | D:7      | Acquired a +4 vampiric lajatang
  6894 | D:8      | Reached XP level 9. HP: 54/66 MP: 18/18
  6899 | D:8      | Reached skill level 5 in Transmutations
  6996 | D:8      | Found a sand-covered staircase.
  7020 | Ossuary  | Entered an ossuary
  7466 | Ossuary  | Noticed Menkaure
  7486 | Ossuary  | Killed Menkaure
  7963 | D:8      | Reached skill level 5 in Fighting
  8069 | D:8      | Reached skill level 8 in Unarmed Combat
  8073 | D:8      | Reached skill level 5 in Invocations
  8180 | D:8      | Noticed a komodo dragon
  8195 | D:8      | Killed a komodo dragon
  8196 | D:8      | Reached XP level 10. HP: 44/74 MP: 20/20
  8251 | D:8      | Reached skill level 5 in Short Blades
  8251 | D:8      | Reached skill level 5 in Long Blades
  8251 | D:8      | Reached skill level 5 in Axes
  8251 | D:8      | Reached skill level 5 in Maces & Flails
  8251 | D:8      | Reached skill level 5 in Polearms
  8251 | D:8      | Reached skill level 5 in Staves
  8251 | D:8      | Reached skill level 5 in Slings
  8251 | D:8      | Reached skill level 5 in Bows
  8251 | D:8      | Reached skill level 5 in Crossbows
  8251 | D:8      | Reached skill level 5 in Throwing
  8251 | D:8      | Reached skill level 5 in Armour
  8251 | D:8      | Reached skill level 5 in Stealth
  8251 | D:8      | Reached skill level 5 in Shields
  8251 | D:8      | Reached skill level 5 in Evocations
  8288 | D:8      | Found a staircase to the Lair.
  8397 | D:8      | Found Ocighu's Assorted Antiques.
  8614 | D:9      | Found a broken altar of Ashenzari.
  8818 | D:9      | Identified the +2 leather armour of Defiance {Int+2}
  9181 | D:9      | Noticed a two-headed ogre
  9188 | D:9      | Killed a two-headed ogre
  9304 | D:9      | Found a staircase to the Orcish Mines.
  9896 | D:10     | Entered Level 10 of the Dungeon
 10177 | D:10     | Reached XP level 11. HP: 51/83 MP: 22/22
 10363 | D:10     | Found a radiant altar of Vehumet.
 10535 | D:10     | Noticed a centaur warrior
 10544 | D:10     | Noticed a mana viper
 10562 | D:10     | Killed a centaur warrior
 10563 | D:10     | Reached skill level 9 in Unarmed Combat
 10567 | D:10     | Reached skill level 5 in Conjurations
 10567 | D:10     | Reached skill level 5 in Hexes
 10567 | D:10     | Reached skill level 5 in Summonings
 10567 | D:10     | Reached skill level 5 in Necromancy
 10567 | D:10     | Reached skill level 5 in Translocations
 10567 | D:10     | Reached skill level 5 in Fire Magic
 10567 | D:10     | Reached skill level 5 in Ice Magic
 10567 | D:10     | Reached skill level 5 in Air Magic
 10567 | D:10     | Reached skill level 5 in Earth Magic
 10567 | D:10     | Reached skill level 5 in Poison Magic
 10753 | D:10     | Noticed a great orb of eyes
 10764 | D:10     | Paralysed by a great orb of eyes for 6 turns
 10776 | D:10     | Paralysed by a great orb of eyes for 7 turns
 10787 | D:10     | Killed a great orb of eyes
 11143 | Lair:1   | Entered Level 1 of the Lair of Beasts
 11200 | Lair:1   | Noticed Fannar
 11231 | Lair:1   | Killed from afar by Fannar

Illustrated notes

Levels and vault maps discovered:
D:1:      mrwooster_arrival_arrow, layout_basic,
          hellmonk_ecumenical_altar_leap_of_faith
D:2:      layout_rooms
D:3:      layout_loops_ring, nemelex_xobeh_ov_fountains_minmay,
          gammafunk_ghost_stat_death, chequers_arboretum, uniq_ijyb
D:4:      cheibrodos_fertilizer, layout_cave_pools, mainiacjoe_overflow_paths,
          kiku_gazebo_pond_becter, kennysheep_mini, nrook_mini_backslash
D:5:      layout_loops_ring, nicolae_qazlal_eye_of_the_storm,
          lemuel_coloured_pillars_altar, nicolae_overflow_crystal_walls,
          gammafunk_ghost_arena, hangedman_abyss_or_decor_lesser_grid,
          minmay_strange_pillars, hangedman_decor_peaks_small
D:6:      layout_loops_ring, mainiacjoe_overflow_six_doors_small,
          chequers_temple_overflow_statue_of_worship, uniq_sigmund
D:7:      layout_rooms
D:8:      layout_basic, erik_lair_dragon, serial_shops, nicolae_take_the_stairs,
          nicolae_ossuary_entry_monument, minmay_mini_ossuary
D:9:      layout_loops_cross, evilmike_ruin_ashenzari,
          minmay_orc_entry_temple_large, kennysheep_generic_room_16
D:10:     kennysheep_big_flooded_room, layout_cave_pools,
          general_overflow_altar, evilmike_minifort
Temple:   dpeg_chambers_temple
Lair:1:   layout_roguey, serial_bayou_shore_b, grunt_megastairs_4,
          uniq_gastronok, uniq_sonja, uniq_fannar

Skill      XL: |  1  2  3  4  5  6  7  8  9 10 11 |
---------------+----------------------------------+-----
Spellcasting   | 5 6 7 8 |  8.2
Invocations    | 1 2 3 4 5 6 7 |  7.0
Short Blades   | 1 2 3 4 5 6 |  6.3
Long Blades    | 1 2 3 4 5 6 |  6.3
Axes           | 1 2 3 4 5 6 |  6.3
Maces & Flails | 1 2 3 4 5 6 |  6.3
Polearms       | 1 2 3 4 5 6 |  6.3
Staves         | 1 2 3 4 5 6 |  6.3
Slings         | 1 2 3 4 5 6 |  6.3
Bows           | 1 2 3 4 5 6 |  6.3
Crossbows      | 1 2 3 4 5 6 |  6.3
Throwing       | 1 2 3 4 5 6 |  6.3
Armour         | 1 2 3 4 5 6 |  6.3
Stealth        | 1 2 3 4 5 6 |  6.3
Shields        | 1 2 3 4 5 6 |  6.3
Evocations     | 1 2 3 4 5 6 |  6.3
Conjurations   | 1 2 3 4 5 |  5.2
Hexes          | 1 2 3 4 5 |  5.2
Summonings     | 1 2 3 4 5 |  5.2
Necromancy     | 1 2 3 4 5 |  5.2
Translocations | 1 2 3 4 5 |  5.2
Fire Magic     | 1 2 3 4 5 |  5.2
Ice Magic      | 1 2 3 4 5 |  5.2
Air Magic      | 1 2 3 4 5 |  5.2
Earth Magic    | 1 2 3 4 5 |  5.2
Poison Magic   | 1 2 3 4 5 |  5.2
Fighting       | 3 4 5 6 |  6.9
Transmutations | 4 5 6 |  6.6
Dodging        | 5 6 7 |  7.9
Unarmed Combat | 7 8 9 |  9.2

Action                   |  1- 3 |  4- 6 |  7- 9 | 10-12 || total
-------------------------+-------+-------+-------+-------++-------
Melee: Unarmed           |    97 |    97 |       |       ||   194
       Headbutt          |     7 |    19 |     7 |    15 ||    48
       Kick              |    13 |    17 |     9 |    22 ||    61
       Bite              |     3 |     9 |    26 |    22 ||    60
       Punch             |       |     4 |     1 |       ||     5
       Whip              |       |    19 |       |       ||    19
       Dagger            |       |    17 |    57 |       ||    74
       War axe           |       |     9 |       |       ||     9
       Long sword        |       |       |    28 |       ||    28
       Lajatang          |       |       |   257 |   221 ||   478
 Cast: Beastly Appendage |    19 |    14 |    10 |     8 ||    51
       Wereblood         |    17 |     9 |     4 |     5 ||    35
  Use: Scroll            |       |       |    21 |     1 ||    22
       Potion            |       |       |       |     5 ||     5
 Stab: Sleeping          |       |     1 |     1 |       ||     2
       Distracted        |       |     1 |     1 |     1 ||     3
Armor: Robe              |     9 |    23 |     5 |       ||    37
       Scale mail        |       |       |   175 |   104 ||   279
Dodge: Dodged            |    77 |    98 |   204 |   142 ||   521
       Rpst.: Long sword |       |       |     5 |       ||     5

Table legend: (Time is in decaauts)
 A = Elapsed time spent in this place.
 B = Non-inter-level travel time spent in this place.
 C = Inter-level travel time spent in this place.
 D = Time resting spent in this place.
 E = Time spent auto-exploring this place.
 F = Levels seen in this place.
 G = Mean time per level.
                   A        B        C        D        E       F      G
               +--------+--------+--------+--------+--------+-----+--------+
         Total |  11314 |  10708 |    606 |   1317 |   6544 |  13 |  870.3 |
       Dungeon |  10465 |   9882 |    583 |   1317 |   6182 |  10 | 1046.5 |
        Temple |    236 |    213 |     23 |      0 |    204 |   1 |  236.0 |
          Lair |     91 |     91 |      0 |      0 |     31 |   1 |   91.0 |
       Ossuary |    521 |    521 |      0 |      0 |    127 |   1 |  521.0 |
               +--------+--------+--------+--------+--------+-----+--------+

Top non-repeatable levels by time:
     D:8: 1453 daAuts
     D:9: 1445 daAuts
     D:4: 1380 daAuts
     D:1: 1137 daAuts
     D:3: 1128 daAuts
     D:5: 1053 daAuts
    D:10: 940 daAuts
     D:6: 930 daAuts
 Ossuary: 521 daAuts
     D:2: 514 daAuts
     D:7: 481 daAuts
  Temple: 236 daAuts
  Lair:1: 91 daAuts
